 Dungeon Crawl Stone Soup version 0.26-a0-524-g073066f631 (webtiles) character file.

Game seed: 747670902060543224

3517 ANON1729 the Insei (level 9, -13/68 HPs)
             Began as a Demonspawn Transmuter on Aug 13, 2020.
             Was an Elder of Ru.
             Mangled by a two-headed ogre
             ... wielding a +0 giant spiked club
              (19 damage)
             ... on level 9 of the Dungeon.
             The game lasted 00:20:01 (10140 turns).

ANON1729 the Insei (Demonspawn Transmuter)         Turns: 10140, Time: 00:20:02

Health: -13/68     AC:  5    Str: 12    XL:     9   Next: 81%
Magic:  0/25       EV: 14    Int: 16    God:    Ru [****..]
Gold:   611        SH:  0    Dex: 14    Spells: 2/17 levels left

rFire    . . .     SeeInvis .     - Unarmed
rCold    . . .     Faith    .   (shield currently unavailable)
rNeg     . . .     Spirit   +   E - +0 robe (curse)
rPois    +         Reflect  .   (no helmet)
rElec    .         Harm     .   b - +0 cloak
rCorr    .                      (gloves currently unavailable)
MR       .....                  (no boots)
Stlth    ..........             (no amulet)
HPRegen  0.21/turn              f - ring of magical power
MPRegen  0.38/turn              r - ring of poison resistance

@: mighty, blade hands, very slightly contaminated
A: talons 1, thin metallic scales 1, powered by pain 1, magic shield, magic
regeneration, no stealth, inexperienced 1
a: End Transformation, Draw Out Power, Power Leap, Renounce Religion


You were on level 9 of the Dungeon.
You worshipped Ru.
Ru was greatly pleased with you.
You had blades for hands.
You visited 2 branches of the dungeon, and saw 10 of its levels.

You collected 611 gold pieces.

Inventory:

Armour
 a - a +0 robe
 b - a +0 cloak (worn)
 E - a cursed +0 robe (worn)
Jewellery
 f - a ring of magical power (left scythe-like blade)
 k - an uncursed ring of ice
 r - a ring of poison resistance (right scythe-like blade)
 A - an uncursed ring of fire
Wands
 i - a wand of digging (6)
 j - a wand of flame (9)
 y - a wand of paralysis (7)
 F - a wand of polymorph (6)
Scrolls
 c - a scroll of identify
 d - 2 scrolls of enchant armour
 e - 4 scrolls of magic mapping
 g - 4 scrolls of remove curse
 l - 4 scrolls of enchant weapon
 m - a scroll of noise {unknown}
 n - 5 scrolls of teleportation
 p - 4 scrolls of blinking
 x - 2 scrolls of fear {unknown}
 B - 3 scrolls of amnesia {unknown}
 C - 2 scrolls of fog {unknown}
Potions
 h - a potion of brilliance {unknown}
 o - a potion of stabbing {unknown}
 q - a potion of lignification {unknown}
 s - 2 potions of heal wounds
 t - 2 potions of curing {unknown}
 u - a potion of ambrosia {unknown}
 v - 3 potions of mutation
 w - 3 potions of flight {unknown}
 z - a potion of might
 D - 2 potions of magic {unknown}
 G - a potion of haste {unknown}


   Skills:
 + Level 5.0 Fighting
 + Level 4.8 Dodging
 * Level 7.0 Unarmed Combat
 + Level 4.9 Spellcasting
 * Level 6.6 Transmutations
 + Level 3.5 Ice Magic
 + Level 4.5 Poison Magic


You had 2 spell levels left.
You knew the following spells:

 Your Spells              Type           Power        Failure   Level
a - Beastly Appendage     Tmut           ####..       16%         1
b - Wereblood             Tmut           ####....     19%         2
c - Spider Form           Tmut/Pois      ###.......   32%         3
d - Ice Form              Ice/Tmut       ###.....     61%         4
e - Blade Hands           Tmut           ####......   71%         5

Your spell library contained the following spells:

 Spells                   Type           Power        Failure   Level


Dungeon Overview and Level Annotations

Branches:
Dungeon (9/15)             Temple (1/1) D:4            Lair (0/6) D:9
    Orc: D:9-12

Altars:
Ashenzari
Cheibriados
Dithmenos
Elyvilon
Fedhas
Gozag
Hepliaklqana
Kikubaaqudgha
Makhleb
Nemelex Xobeh
Okawaru
Qazlal
Ru
Sif Muna
Trog
Uskayaw
Vehumet
Xom
Yredelemnul
Zin
The Shining One


Innate Abilities, Weirdness & Mutations

You have sharp toenails.
You are partially covered in thin metallic scales. (AC +2)
You sometimes gain a little power by taking damage.
When hurt, damage is shared between your health and your magic reserves.
You regenerate magic rapidly.
You cannot be stealthy.
You are somewhat inexperienced. (-2 XL)


Message History

a +0 dagger; a +0 robe You see here an adder corpse.
Casting: Spider Form (dangerous; 4% risk of failure)
Confirm with . or Enter, or press ? or * to list all spells.
The spell is quite dangerous to cast (28% risk of failure)!
Continue anyway?
You miscast Blade Hands.
You are very lightly contaminated with residual magic.
Strange energies run through your body. The two-headed ogre misses you.
The two-headed ogre barely misses you.
Casting: Blade Hands (quite dangerous; 28% risk of failure)
Confirm with . or Enter, or press ? or * to list all spells.
The spell is quite dangerous to cast (28% risk of failure)!
Continue anyway?
Your hands turn into razor-sharp scythe blades.
You slice the two-headed ogre!! You claw the two-headed ogre!
The two-headed ogre is heavily wounded.
The two-headed ogre hits you with a +0 giant spiked club!!!
* * * LOW HITPOINT WARNING * * *
You focus on the pain.
You feel your power returning.
The two-headed ogre hits you with a cursed -1 giant club!!
You die...

...#.............#
#######'#.............#
#....................)#######
'####...)))#######...........))..
...........#.....#..#####..##'###
...........'.....#..# #..#....#
.#####..†..#.....#..# #..#....#
#...##)##.##+####(.# #..#....#
#...)...#....HO@...# #..#....#
.#...)H..##########.# #..#....#
.'....†......$ #.# #..#....#
.#............ +.# #....#
#.....####+## #. # #.....# #.. #
#...### ##..###### #...#
(......... #...# +..............


You could see a two-headed ogre and a hippogriff.

Vanquished Creatures
  A hippogriff (D:7)
  2 water moccasins
  2 ice beasts
  3 orc warriors
  A black bear (D:8)
  3 sky beasts
  6 ogres
  6 centaurs
  6 bullfrogs
  3 scorpions
  6 killer bees (D:7)
  4 wights (D:8)
  2 howler monkeys
  A centaur zombie (D:5)
  4 hounds
  3 orc priests
  11 orc wizards
  2 centaur skeletons
  An iguana (D:5)
  3 worker ants
  A hound zombie (D:6)
  A hound skeleton (D:6)
  A howler monkey zombie (D:8)
  4 gnolls
  11 adders
  3 shadow imps
  A white imp (D:8)
  An ufetubus (D:5)
  2 oozes
  An adder zombie (D:6)
  An adder skeleton (D:7)
  A worm (D:4)
  2 dart slugs
  8 leopard geckos
  33 orcs
  8 bats
  4 giant cockroaches
  8 goblins
  5 hobgoblins (D:1)
  9 jackals
  3 quokkas
  2 ball pythons
  5 frilled lizards
  A jackal zombie (D:5)
  5 kobolds
  2 leopard gecko skeletons (D:5)
  12 rats
205 creatures vanquished.

Notes
Turn   | Place    | Note
-------+----------+-------------------------------------------
     0 | D:1      | ANON1729 the Demonspawn Transmuter began the quest for the
                  | Orb.
     0 | D:1      | Reached XP level 1. HP: 15/15 MP: 3/3
   323 | D:1      | Mutation became permanent: You have sharp toenails.
                  | [demonic ancestry]
   323 | D:1      | Gained mutation: You have razor-sharp toenails. [demonic
                  | ancestry]
   323 | D:1      | Reached XP level 2. HP: 7/21 MP: 3/5
  1042 | D:2      | Reached XP level 3. HP: 20/26 MP: 4/6
  1049 | D:2      | Reached skill level 3 in Unarmed Combat
  1178 | D:2      | Learned a level 2 spell: Wereblood
  1182 | D:2      | Learned a level 3 spell: Spider Form
  2223 | D:3      | Gained mutation: You are partially covered in thin metallic
                  | scales. (AC +2) [demonic ancestry]
  2223 | D:3      | Reached XP level 4. HP: 29/33 MP: 7/7
  2639 | D:3      | Reached XP level 5. HP: 6/38 MP: 8/8
  3295 | D:4      | Noticed an ogre
  3349 | D:4      | Reached skill level 1 in Poison Magic
  3753 | D:4      | Found a staircase to the Ecumenical Temple.
  3760 | D:4      | Noticed an ogre
  3765 | Temple   | Entered the Ecumenical Temple
  4011 | Temple   | Became a worshipper of Ru the Awakened
  4047 | Temple   | Gained mutation: You sometimes gain a little power by
                  | taking damage. [demonic ancestry]
  4047 | Temple   | Reached XP level 6. HP: 32/45 MP: 10/10
  4056 | Temple   | Reached skill level 4 in Unarmed Combat
  4570 | D:3      | Gained mutation: When hurt, damage is shared between your
                  | health and your magic reserves. [demonic ancestry]
  4570 | D:3      | Reached XP level 7. HP: 18/51 MP: 11/11
  5023 | D:5      | Entered Level 5 of the Dungeon
  5375 | D:4      | Learned a level 4 spell: Ice Form
  5726 | D:5      | Reached skill level 1 in Ice Magic
  5780 | D:5      | Gained mutation: You are somewhat inexperienced. (-2 XL)
                  | [Ru sacrifice]
  5780 | D:5      | Reached XP level 6. HP: 47/47 MP: 20/20
  5780 | D:5      | Reached XP level 5. HP: 41/41 MP: 19/19
  5780 | D:5      | Reached * piety under Ru
  5780 | D:5      | Reached ** piety under Ru
  5780 | D:5      | Reached *** piety under Ru
  5790 | D:6      | Noticed a water moccasin
  5804 | D:6      | Noticed an orc warrior
  5807 | D:6      | Killed a water moccasin
  5807 | D:6      | Reached skill level 5 in Unarmed Combat
  5807 | D:6      | Reached XP level 6. HP: 28/47 MP: 11/11
  6152 | D:6      | Killed an orc warrior
  6211 | D:6      | Reached XP level 7. HP: 16/52 MP: 8/12
  6754 | D:6      | Reached skill level 5 in Transmutations
  7072 | D:7      | Noticed a hippogriff
  7084 | D:7      | Killed a hippogriff
  7084 | D:7      | Gained mutation: You regenerate magic rapidly. [demonic
                  | ancestry]
  7084 | D:7      | Reached XP level 8. HP: 31/60 MP: 11/14
  7777 | D:7      | Reached skill level 6 in Unarmed Combat
  8396 | D:8      | Reached XP level 9. HP: 36/66 MP: 15/15
  9082 | D:8      | Gained mutation: You cannot be stealthy. [Ru sacrifice]
  9082 | D:8      | Reached **** piety under Ru
  9266 | D:8      | Found a shimmering altar of Xom.
  9460 | D:9      | Found a staircase to the Lair.
  9488 | D:9      | Noticed a two-headed ogre
  9552 | D:9      | Reached skill level 5 in Fighting
  9839 | D:9      | Reached skill level 7 in Unarmed Combat
 10104 | D:9      | Learned a level 5 spell: Blade Hands
 10119 | D:9      | Noticed a two-headed ogre
 10140 | D:9      | Mangled by a two-headed ogre

Illustrated notes

Levels and vault maps discovered:
D:1:      dpeg_arrival_rooms_a, layout_loops_ring, kennysheep_nondescript,
          grunt_decor_arrowhead
D:2:      layout_basic
D:3:      layout_basic, minmay_misc_feat_square
D:4:      layout_cave_pools, minmay_temple_entry_metal_lava
D:5:      layout_rooms
D:6:      layout_cave_pools, nrook_mini_vaults
D:7:      layout_basic
D:8:      layout_rooms, basic_altar
D:9:      layout_irregular_city, lemuel_coloured_pillars_altar, lair_entry_dummy
Temple:   nicolae_temple_the_god_donut

Skill      XL: |  1  2  3  4  5  6  7  8  9 |
---------------+----------------------------+-----
Dodging        | 2 3 4 |  4.8
Transmutations | 2 3 5 6 |  6.6
Unarmed Combat | 3 5 4 6 7 |  7.0
Fighting       | 2 4 5 |  5.0
Poison Magic   | 1 3 4 |  4.5
Spellcasting   | 3 4 |  4.9
Ice Magic      | 2 3 |  3.5

Action                   |  1- 3 |  4- 6 |  7- 9 || total
-------------------------+-------+-------+-------++-------
Melee: Unarmed           |   138 |   189 |   453 ||   780
       Kick              |    26 |    26 |    52 ||   104
       Headbutt          |    10 |    13 |    21 ||    44
       Punch             |       |     1 |     3 ||     4
 Cast: Beastly Appendage |    20 |    17 |    18 ||    55
       Spider Form       |       |     8 |    36 ||    44
       Blade Hands       |       |       |     1 ||     1
Invok: Sacrifice Experie |       |     1 |       ||     1
       Sacrifice Stealth |       |       |     1 ||     1
  Use: Scroll            |     2 |       |     7 ||     9
       Potion            |     1 |       |       ||     1
 Stab: Sleeping          |     1 |       |     1 ||     2
       Invisible         |       |       |     1 ||     1
       Distracted        |       |       |     1 ||     1
Armor: Robe              |    32 |    30 |    47 ||   109
       Skin              |       |     3 |    11 ||    14
Dodge: Dodged            |   100 |   182 |   365 ||   647

Table legend: (Time is in decaauts)
 A = Elapsed time spent in this place.
 B = Non-inter-level travel time spent in this place.
 C = Inter-level travel time spent in this place.
 D = Time resting spent in this place.
 E = Time spent auto-exploring this place.
 F = Levels seen in this place.
 G = Mean time per level.
                   A        B        C        D        E       F      G
               +--------+--------+--------+--------+--------+-----+--------+
         Total |  10070 |   9814 |    256 |   4528 |   3589 |  10 | 1007.0 |
       Dungeon |   9597 |   9382 |    215 |   4363 |   3357 |   9 | 1066.3 |
        Temple |    472 |    431 |     41 |    165 |    232 |   1 |  472.0 |
               +--------+--------+--------+--------+--------+-----+--------+

Top non-repeatable levels by time:
     D:3: 1542 daAuts
     D:7: 1409 daAuts
     D:2: 1120 daAuts
     D:1: 1030 daAuts
     D:5: 1018 daAuts
     D:6: 970 daAuts
     D:8: 956 daAuts
     D:4: 880 daAuts
     D:9: 670 daAuts
  Temple: 472 daAuts
